AoeStats
← Malik Bhai

Hideout

507511897Analyzed
1v1 RM · 14d ago on Sep 18, 2026· 32m 2s· 2 players
Game mode
Random Map
Map size
Tiny (2 player)
Population
200
Speed
Normal
Resources
Standard
Victory
Conquest
Starting age
Dark Age
Ending age
Imperial Age
RankedLock teamsTeams togetherTeam positionsShared explorationLock speedFull tech treeHidden civsTurbo modeCheats
Victory
Defeat
🇪🇸 Dravidians · Spain
2262
+2
🇵🇰 Jurchens · Pakistan
1798
-2
Malik Bhai
5:51 Loom
8:35 Feudal Age
9:46 Double-Bit Axe
10:10 Fletching
13:26 Horse Collar
21:32 Castle Age
22:09 Bodkin Arrow
24:05 Guard Tower
29:42 Imperial Age
[R1] PoXoLo
9:59 Feudal Age
9:10 Loom
14:25 Castle Age
13:59 Double-Bit Axe
13:55 Horse Collar
15:57 Bow Saw
27:41 Gold Mining
28:48 Wheelbarrow
28:14 Fletching
28:53 Bodkin Arrow
30:50 Husbandry
30:58 Scale Barding Armor
31:12 Forging
Connection lost

Rejoining the realm…

Still unreachable

The connection could not be restored.

Session expired

The server has moved on; the page needs a fresh start.